BSA
GREENVILLE 84S @ FRESNO DEPLORABLES
03/22/2026
 
TOP OF THE 1ST
Greenville 84s batting - Pitching for Portland Cards : LHP Mike Graves
Pitching: LHP Mike Graves
Batting: RHB Carlos Torres 0-0: Ball
1-0: Called Strike
1-1: Foul Ball, location: 2F
1-2: Fly out, F4 (Line Drive, 4)
Batting: LHB Chris Moore 0-0: Ball
1-0: Called Strike
1-1: Ball
2-1: Swinging Strike
2-2: Foul Ball, location: 2F
2-2: Strikes out swinging
Batting: RHB Enzo Díaz 0-0: Called Strike
0-1: SINGLE (Groundball, 34S)
Batting: LHB Jimmy Vickers 0-0: Ball
1-0: Swinging Strike
1-1: Foul Ball, location: 2F
1-2: Foul Ball, location: 2F
1-2: Ground out 3-1 (Groundball, 34)
Top of the 1st over - 0 run(s), 1 hit(s), 0 error(s), 1 left on base; Greenville 0 - Portland 0
BOTTOM OF THE 1ST
Portland Cards batting - Pitching for Greenville 84s : LHP Darrell Harding
Pitching: LHP Darrell Harding
Batting: RHB Dani Vázquez 0-0: Ball
1-0: Called Strike
1-1: Foul Ball, location: 2F
1-2: Ball
2-2: Ball
3-2: Base on Balls
Batting: RHB Aaron Scott 0-0: Ball
Dani Vázquez is caught stealing 2nd base
1-0: Ball
2-0: Called Strike
2-1: TRIPLE (Line Drive, 7LS)
Batting: LHB Jeff Daniels 0-0: Fly out, F8 (Line Drive, 78S)
Batting: RHB Paco Arellano 0-0: SINGLE (Line Drive, 89S)
Aaron Scott scores
Batting: LHB Paul Mullins 0-0: Ball
1-0: Ball
2-0: Called Strike
2-1: Ball
3-1: Called Strike
3-2: Base on Balls
Paco Arellano to second
Batting: RHB Germán Rosales 0-0: Foul Ball, location: 2F
0-1: Foul Ball, location: 2F
0-2: Ball
1-2: Ball
2-2: Strikes out swinging
Bottom of the 1st over - 1 run(s), 2 hit(s), 0 error(s), 2 left on base; Greenville 0 - Portland 1
TOP OF THE 2ND
Greenville 84s batting - Pitching for Portland Cards : LHP Mike Graves
Batting: LHB Paco Rosas 0-0: Fly out, F9 (Line Drive, 9M)
Batting: LHB Kiyonaga Morita 0-0: Ball
1-0: Called Strike
1-1: Ball
2-1: Ball
3-1: Swinging Strike
3-2: Strikes out swinging
Batting: LHB Vicente Bueno 0-0: Ball
1-0: Called Strike
1-1: Swinging Strike
1-2: Foul Ball, location: 2F
1-2: Ball
2-2: SOLO HOME RUN (Flyball, 9LD), Distance : 345 ft
Batting: LHB Brock Larsen 0-0: Called Strike
0-1: Ball
1-1: Ground out U3 (Groundball, 3L)
Top of the 2nd over - 1 run(s), 1 hit(s), 0 error(s), 0 left on base; Greenville 1 - Portland 1
BOTTOM OF THE 2ND
Portland Cards batting - Pitching for Greenville 84s : LHP Darrell Harding
Batting: LHB Tom Blake 0-0: Ball
1-0: Called Strike
1-1: Fly out, F7 (Flyball, 7LMF)
Batting: LHB Keith Beard 0-0: Swinging Strike
0-1: Hit by Pitch
Batting: RHB Bartolo Quiñones 0-0: Called Strike
0-1: SINGLE (Flyball, 9LM)
Keith Beard to second
Batting: RHB Dani Vázquez 0-0: Fly out, F8 (Flyball, 8LM)
Batting: RHB Aaron Scott 0-0: Ball
1-0: Swinging Strike
1-1: Ground out 5-3 (Groundball, 5)
Bottom of the 2nd over - 0 run(s), 1 hit(s), 0 error(s), 2 left on base; Greenville 1 - Portland 1
TOP OF THE 3RD
Greenville 84s batting - Pitching for Portland Cards : LHP Mike Graves
Batting: RHB Jorge Cisneros 0-0: Ball
1-0: Ground out 4-3 (Groundball, 4M)
Batting: RHB Carlos Torres 0-0: Ball
1-0: Called Strike
1-1: Ball
2-1: Ball
3-1: Called Strike
3-2: Foul Ball, location: 2F
3-2: Ground out 4-3 (Groundball, 4)
Batting: LHB Chris Moore 0-0: Ball
1-0: Ball
2-0: Called Strike
2-1: Foul Ball, location: 2F
2-2: Foul Ball, location: 2F
2-2: Foul Ball, location: 2F
2-2: Strikes out looking
Top of the 3rd over - 0 run(s), 0 hit(s), 0 error(s), 0 left on base; Greenville 1 - Portland 1
BOTTOM OF THE 3RD
Portland Cards batting - Pitching for Greenville 84s : LHP Darrell Harding
Batting: LHB Jeff Daniels 0-0: Called Strike
0-1: Swinging Strike
0-2: Strikes out looking
Batting: RHB Paco Arellano 0-0: Ball
1-0: SINGLE (Line Drive, 78S)
Batting: LHB Paul Mullins 0-0: Ball
1-0: Fly out, F6 (Line Drive, 6D)
Batting: RHB Germán Rosales 0-0: SINGLE (Line Drive, 78S)
Paco Arellano to second
Batting: LHB Tom Blake 0-0: Called Strike
0-1: Ball
1-1: Ball
2-1: Called Strike
2-2: Foul Ball, location: 2F
2-2: Ball
3-2: Strikes out looking
Bottom of the 3rd over - 0 run(s), 2 hit(s), 0 error(s), 2 left on base; Greenville 1 - Portland 1
TOP OF THE 4TH
Greenville 84s batting - Pitching for Portland Cards : LHP Mike Graves
Batting: RHB Enzo Díaz 0-0: Ball
1-0: Ball
2-0: Called Strike
2-1: Called Strike
2-2: Foul Ball, location: 2F
2-2: Ball
3-2: SINGLE (Line Drive, 9LM)
Batting: LHB Jimmy Vickers 0-0: Foul Ball, location: 2F
0-1: Ball
1-1: Grounds into double play, 4-6-3 (Groundball, 4)
Batting: LHB Paco Rosas 0-0: Ball
1-0: Fly out, F7 (Flyball, 78S)
Top of the 4th over - 0 run(s), 1 hit(s), 0 error(s), 0 left on base; Greenville 1 - Portland 1
BOTTOM OF THE 4TH
Portland Cards batting - Pitching for Greenville 84s : LHP Darrell Harding
Batting: LHB Keith Beard 0-0: Ball
1-0: DOUBLE (Line Drive, 9LM)
Batting: RHB Bartolo Quiñones 0-0: Ball
1-0: Foul Ball, location: 2F
1-1: Ball
2-1: Foul Ball, location: 2F
2-2: Ball
3-2: Base on Balls
Batting: RHB Dani Vázquez 0-0: Ball
1-0: Ball
2-0: Ball
3-0: Called Strike
3-1: Grounds into double play, 5-4-3 (Groundball, 5)
Keith Beard to third
Batting: RHB Aaron Scott 0-0: Ball
1-0: Called Strike
1-1: Foul Ball, location: 2F
1-2: Hit by Pitch
Batting: LHB Jeff Daniels 0-0: DOUBLE (Line Drive, 9LS)
Keith Beard scores
Aaron Scott to third
Runner from 3rd tries for Home, SAFE, no throw or cutoff
Batting: RHB Paco Arellano 0-0: Ball
1-0: Ball
2-0: Foul Ball, location: 2F
2-1: Ball
3-1: Base on Balls
Batting: LHB Paul Mullins 0-0: Ball
1-0: Called Strike
1-1: Called Strike
1-2: Ball
2-2: Ball
3-2: Foul Ball, location: 2F
3-2: Strikes out looking
Bottom of the 4th over - 2 run(s), 2 hit(s), 0 error(s), 2 left on base; Greenville 1 - Portland 3
TOP OF THE 5TH
Greenville 84s batting - Pitching for Portland Cards : LHP Mike Graves
Pitching: LHP Juan Ortíz
Batting: LHB Kiyonaga Morita 0-0: Called Strike
0-1: Swinging Strike
0-2: Foul Ball, location: 2F
0-2: Strikes out swinging
Batting: LHB Vicente Bueno 0-0: Called Strike
0-1: Foul Ball, location: 2F
0-2: Ball
1-2: Foul Ball, location: 2F
1-2: Ground out 3-1 (Groundball, 34)
Batting: LHB Brock Larsen 0-0: Called Strike
0-1: Ball
1-1: Ball
2-1: Called Strike
2-2: Ball
3-2: Strikes out swinging
Top of the 5th over - 0 run(s), 0 hit(s), 0 error(s), 0 left on base; Greenville 1 - Portland 3
BOTTOM OF THE 5TH
Portland Cards batting - Pitching for Greenville 84s : LHP Darrell Harding
Pitching: RHP Germán Pérez
Batting: RHB Germán Rosales 0-0: Ball
1-0: Foul Ball, location: 2F
1-1: Ball
2-1: Foul Ball, location: 2F
2-2: SINGLE (Groundball, 4M)
Batting: LHB Tom Blake 0-0: Ball
1-0: Ball
2-0: Called Strike
2-1: Foul Ball, location: 2F
2-2: Ball
Wild Pitch!
Germán Rosales to second
3-2: Foul Ball, location: 2F
3-2: Foul Ball, location: 2F
3-2: Ground out 4-3 (Groundball, 4M)
Germán Rosales to third
Batting: LHB Keith Beard 0-0: Intentional Walk
Batting: RHB Bartolo Quiñones 0-0: Called Strike
0-1: Ball
1-1: Called Strike
1-2: Grounds into double play, 1-6-3 (Groundball, 13)
Bottom of the 5th over - 0 run(s), 1 hit(s), 0 error(s), 1 left on base; Greenville 1 - Portland 3
TOP OF THE 6TH
Greenville 84s batting - Pitching for Portland Cards : LHP Juan Ortíz
Batting: RHB Jorge Cisneros 0-0: Ball
1-0: Ball
2-0: Fly out, F7 (Flyball, 78D)
Batting: RHB Carlos Torres 0-0: Bunt for hit - play at first, batter safe!
Batting: LHB Chris Moore 0-0: Foul Ball, location: 2F
0-1: Ball
1-1: Ball
2-1: Foul Ball, location: 2F
2-2: Ball
3-2: Foul Ball, location: 2F
3-2: 2-RUN HOME RUN (Line Drive, 9D), Distance : 392 ft
Batting: RHB Enzo Díaz 0-0: Called Strike
0-1: Ball
1-1: Ground out 1-3 (Groundball, 23)
Batting: LHB Jimmy Vickers 0-0: Ball
1-0: Foul Ball, location: 2F
1-1: Fly out, F4 (Popup, 8RS)
Top of the 6th over - 2 run(s), 2 hit(s), 0 error(s), 0 left on base; Greenville 3 - Portland 3
BOTTOM OF THE 6TH
Portland Cards batting - Pitching for Greenville 84s : RHP Germán Pérez
Pinch Hitting: RHB Lonson Seals 0-0: Swinging Strike
0-1: Swinging Strike
0-2: Strikes out swinging
Pinch Hitting: RHB Carlos García 0-0: Foul Ball, location: 2F
0-1: Foul Ball, location: 2F
0-2: Fly out, F9 (Flyball, 89D)
Batting: LHB Jeff Doss 0-0: Called Strike
0-1: Swinging Strike
0-2: Foul Ball, location: 2F
0-2: Foul Ball, location: 2F
0-2: Ground out 4-3 (Groundball, 4)
Bottom of the 6th over - 0 run(s), 0 hit(s), 0 error(s), 0 left on base; Greenville 3 - Portland 3
TOP OF THE 7TH
Greenville 84s batting - Pitching for Portland Cards : LHP Juan Ortíz
Now at 2B: Lonson Seals
Now at SS: Jesús Gutiérrez
Batting: LHB Paco Rosas 0-0: Ball
1-0: Ball
2-0: Called Strike
2-1: Ground out 4-3 (Groundball, 4)
Batting: LHB Kiyonaga Morita 0-0: Called Strike
0-1: Foul Ball, location: 2F
0-2: Strikes out swinging
Pinch Hitting: RHB Jesús Tisnado 0-0: Ball
1-0: Ground out 6-3 (Groundball, 6)
Top of the 7th over - 0 run(s), 0 hit(s), 0 error(s), 0 left on base; Greenville 3 - Portland 3
BOTTOM OF THE 7TH
Portland Cards batting - Pitching for Greenville 84s : RHP Germán Pérez
Pitching: RHP Jorge Amador
Now at 1B: Jesús Tisnado
Pinch Hitting: LHB John Cotton 0-0: Called Strike
0-1: Ball
1-1: Ball
2-1: Foul Ball, location: 2F
2-2: Ball
3-2: Strikes out swinging
Batting: LHB Paul Mullins 0-0: Ball
1-0: Called Strike
1-1: Swinging Strike
1-2: Fly out, F2 (Popup, 2RF)
Batting: RHB Germán Rosales 0-0: SINGLE (Groundball, 5S)
Pinch Hitting: RHB Claudio Guerra 0-0: Fielders Choice at 2nd, 5-4 (Groundball, 56)
Bottom of the 7th over - 0 run(s), 1 hit(s), 0 error(s), 0 left on base; Greenville 3 - Portland 3
TOP OF THE 8TH
Greenville 84s batting - Pitching for Portland Cards : LHP Juan Ortíz
Now in LF: Elpidio Martinho
Now in RF: Rob Bailey
Pinch Hitting: RHB Vic Langlois 0-0: Swinging Strike
0-1: Ball
1-1: Swinging Strike
1-2: Foul Ball, location: 2F
1-2: SINGLE (Groundball, 4MD)
Pitching: LHP Valentín Reséndez
Batting: RHB Jorge Cisneros 0-0: Called Strike
0-1: Ball
1-1: Swinging Strike
1-2: Strikes out swinging
Batting: RHB Carlos Torres 0-0: Ball
1-0: Ball
2-0: Ball
3-0: Called Strike
3-1: Base on Balls
Vic Langlois to second
Batting: LHB Chris Moore 0-0: Called Strike
0-1: Ball
1-1: Foul Ball, location: 2F
1-2: Ball
2-2: Ball
3-2: Base on Balls
Vic Langlois to third
Carlos Torres to second
Batting: RHB Enzo Díaz 0-0: Swinging Strike
0-1: Ball
1-1: Swinging Strike
1-2: Strikes out swinging
Batting: LHB Jimmy Vickers 0-0: Called Strike
0-1: Swinging Strike
0-2: Foul Ball, location: 2F
0-2: Ball
1-2: Ball
2-2: Foul Ball, location: 2F
2-2: Foul Ball, location: 2F
2-2: Fly out, F7 (Flyball, 7S)
Top of the 8th over - 0 run(s), 1 hit(s), 0 error(s), 3 left on base; Greenville 3 - Portland 3
BOTTOM OF THE 8TH
Portland Cards batting - Pitching for Greenville 84s : RHP Jorge Amador
Now at SS: Vic Langlois
Batting: LHB Keith Beard 0-0: Called Strike
0-1: Fly out, F5 (Popup, 56S)
Batting: RHB Bartolo Quiñones 0-0: Ground out 6-3 (Groundball, 6)
Batting: RHB Lonson Seals 0-0: Ball
1-0: SINGLE (Line Drive, 3D)
Batting: RHB Jesús Gutiérrez 0-0: Called Strike
0-1: Ball
1-1: Ball
2-1: Ball
3-1: Base on Balls
Lonson Seals to second
Batting: LHB Jeff Doss 0-0: Called Strike
0-1: Ball
1-1: Ball
2-1: Foul Ball, location: 2F
2-2: Ball
3-2: SINGLE (Line Drive, 34D)
Lonson Seals to third
Jesús Gutiérrez to second
Lonson Seals scores
Jesús Gutiérrez to third
Batting: RHB Rob Bailey 0-0: Fly out, F8 (Flyball, 8LS)
Bottom of the 8th over - 1 run(s), 2 hit(s), 0 error(s), 2 left on base; Greenville 3 - Portland 4
TOP OF THE 9TH
Greenville 84s batting - Pitching for Portland Cards : LHP Valentín Reséndez
Pitching: RHP Steve Griffin
Batting: LHB Paco Rosas 0-0: Called Strike
0-1: Fly out, F8 (Flyball, 8RS)
Pinch Hitting: LHB José Costa 0-0: Ball
1-0: SINGLE (Line Drive, 78S)
Pinch Hitting: LHB George Wood Pickoff Throw to First - Out!
0-0: Swinging Strike
0-1: Fly out, F6 (Popup, 6S)
Top of the 9th over - 0 run(s), 1 hit(s), 0 error(s), 0 left on base; Greenville 3 - Portland 4
Monday, December 5th, 2016 - OOTP Baseball 17.12 Build 75